AoeStats
← CNZS_98T

Arabia

510690159Analyzed
1v1 RM · 17h ago on Oct 2, 2026· 34m 59s· 2 players
Game mode
Random Map
Map size
Tiny (2 player)
Population
200
Speed
Normal
Resources
Standard
Victory
Conquest
Starting age
Dark Age
Ending age
Imperial Age
RankedLock teamsTeams togetherTeam positionsShared explorationLock speedFull tech treeHidden civsTurbo modeCheats
Victory
Defeat
🇳🇱 Britons · Netherlands
2570
+1
🇻🇳 Franks · Vietnam
1956
-1
CNZS_98T
7:11 Loom
12:55 Feudal Age
17:01 Castle Age
15:11 Double-Bit Axe
16:17 Fletching
16:27 Horse Collar
17:08 Crossbowman
19:19 Bodkin Arrow
24:14 Wheelbarrow
24:06 Town Watch
25:34 Bow Saw
26:35 Gold Mining
29:15 Heavy Plow
30:04 Ballistics
33:03 Imperial Age
30:50 Stone Mining
31:40 Hand Cart
31:01 Pikeman
32:01 Padded Archer Armor
32:54 Gold Shaft Mining
33:07 Halberdier
33:50 Bracer
35:05 Chemistry
34:05 Arbalester
35:26 Squires
HoangNguyen
5:46 Loom
8:31 Feudal Age
9:47 Double-Bit Axe
20:13 Castle Age
19:05 Scale Barding Armor
20:18 Light Cavalry
21:24 Chain Barding Armor
22:36 Bow Saw
23:04 Wheelbarrow
23:32 Husbandry
23:45 Forging
27:25 Hand Cart
29:45 Husbandry
30:21 Iron Casting
30:44 Gold Mining
Connection lost

Rejoining the realm…

Still unreachable

The connection could not be restored.

Session expired

The server has moved on; the page needs a fresh start.